Unix NetHack Version 5.0.0-0 post-release - last build May 23 2026 06:08:33 (1c0ff79ee797540d5714e4e18072db0edd9e58ae,branch:main).

Game began 2026-05-26 20:11:58, ended 2026-05-26 20:20:48.

Haxasaurus, lawful female dwarven Valkyrie

                                        -----      -------
                        #               |...|      |.`.....##
                   -----.-              |...|      |.....   @
                   |....^|    -----   ##....|      +*..     #
                   |.....|    |..(|   # |...|      |.       #
                  #......|    |...|#### -.---      |        ##
                  #|.....|    |{..|      ###    ###          #
                  #-----|-    ---.-### #################################
                  #     #####   ##########  #  #              ##    ---|-
               ####         ###### 0     #                     #    |...|
            ####             #####                             #    |...|
            #            #####   #         .                   #### |...|
            #         ####       ##                               ##|...|
    --|--- ##         #-----------|---                             #|...|
    |.....##          #|.............|                             #....|
    |....|            #|.............|                              -----
    |....-#############|...<.........|
    ------             |.............|
                       ---------------

Haxasaurus the Skirmisher   St:18/03 Dx:11 Co:15 In:8 Wi:11 Ch:9  Lawful
Dlvl:3  $:151 HP:32(32) Pw:2(2) AC:-2 Xp:3/60 T:1240  Stun

Latest messages:
 There is a broken door here.
 There is a broken door here.
 You swap places with Pringle.
 The door resists!
 The door opens.
 You see here a large box.
 w - a dark potion.
 $ - 5 gold pieces (142 in total).
 You find a hidden passage.
 You stop searching.
 You hear some noises.
 Pringle misses the jackal.
 Pringle bites it.
 You swap places with Pringle.
 You hit the little dog!
 The little dog bites!
 [HP -4, 28 left]
 Pringle bites the little dog.
 The little dog is killed!
 You hear someone cursing shoplifters.
 You are in full health.
 You are beginning to feel hungry.
 What do you want to eat?
 This lichen corpse tastes terrible!
 You finish eating the lichen corpse.
 The door opens.
 $ - 9 gold pieces (151 in total).
 You hear the footsteps of a guard on patrol.
 The bat misses!
 The bat bites!
 [HP -1, 31 left]
 You miss the bat.
 The bat bites!
 [HP -1, 30 left]
 The bat misses!
 You kill the bat!
 x - a fizzy potion.
 You see here a bat corpse.
 There is a bat corpse here; eat it? y
 This bat corpse tastes okay.
 You finish eating the bat corpse.
 Pringle yowls!
 You kill poor Pringle!
 You hear the rumble of distant thunder...
 Really quit without saving? y
 Do you want your possessions identified? y
 Do you want to see your attributes? y
 Do you want an account of creatures vanquished? [ynaq] (y) y
 Do you want to see your conduct and achievements? y
 Do you want to see the dungeon overview? y

Inventory:
 Coins    ('$')
  $ - 151 gold pieces
 Weapons  (')')
  b - a +0 dagger
  a - a +1 dwarvish spear (weapon in right hand)
  v - a +0 orcish dagger
 Armor    ('[')
  i - a blessed +1 orcish helm (being worn)
  c - an uncursed +3 small shield (being worn)
  m - an uncursed +0 banded mail (being worn)
 Comestibles  ('%')
  n - an uncursed cram ration
  d - an uncursed food ration
  o - an uncursed pancake
 Scrolls  ('?')
  e - a cursed scroll of identify
  r - 2 uncursed scrolls of light
  g - a cursed scroll of teleportation
 Spellbooks  ('+')
  h - an uncursed spellbook of fireball
  p - an uncursed spellbook of magic mapping
  t - an uncursed spellbook of magic mapping
 Potions  ('!')
  w - an uncursed potion of extra healing
  j - an uncursed potion of gain energy
  q - an uncursed potion of monster detection
  x - a cursed potion of speed
 Wands    ('/')
  u - a wand of light (0:14)
  f - a wand of opening (0:6)
 Gems/Stones  ('*')
  l - an uncursed worthless piece of orange glass

Haxasaurus the Valkyrie's attributes:

Background:
 You were a Skirmisher, a level 3 dwarven Valkyrie.
 You were lawful, nominally on a mission for Tyr
 who was opposed by Odin (neutral) and Loki (chaotic).
 You were right-handed.
 You were in the Dungeons of Doom, on level 3.
 You entered the dungeon 1240 turns ago.
 You had 60 experience points, 20 more were needed to attain level 4.

Basics:
 You had all 32 hit points.
 You had both energy points (spell power).
 Your armor class was -2.
 Your wallet contained 151 zorkmids.
 Autopickup was on for '$"=/!?' plus thrown, with exceptions.

Final Characteristics:
 Your strength was 18/03 (limit:18/100).
 Your dexterity was 11 (limit:20).
 Your constitution was 15 (limit:20).
 Your intelligence was 8 (limit:16).
 Your wisdom was 11 (limit:16).
 Your charisma was 9 (limit:16).

Final Status:
 You were stunned.
 You weren't hungry.
 You were unencumbered.
 You were wielding a spear.
 You had basic skill with spear.

Final Attributes:
 You had strayed.
 You were cold resistant.
 You had infravision.
 You were stealthy.
 You were warded.
 You were unlucky.
 You survived.

Miscellaneous:
 You didn't encounter any bones levels.
 Total elapsed playing time was 8 minutes and 49 seconds.

Major events:
 Turn
    1: Haxasaurus the lawful dwarven Valkyrie entered the dungeon
  947: attained the rank of Skirmisher (level 3)
  961: entered the Gnomish Mines
 1240: quit

You didn't know any spells.

Skills:
 Fighting Skills
   bare handed combat [Unskilled]
   two weapon combat  [Unskilled]
   riding             [Unskilled]
 Weapon Skills
   dagger             [Basic]
   axe                [Unskilled]
   pick-axe           [Unskilled]
   short sword        [Unskilled]
   broadsword         [Unskilled]
   long sword         [Unskilled]
   two-handed sword   [Unskilled]
   saber              [Unskilled]
   hammer             [Unskilled]
   quarterstaff       [Unskilled]
   polearms           [Unskilled]
   spear              [Basic]
   trident            [Unskilled]
   lance              [Unskilled]
   sling              [Unskilled]
 Spellcasting Skills
   attack spells      [Unskilled]
   escape spells      [Unskilled]

Voluntary challenges:
 Character rerolling was not enabled.
 You were an atheist.
 You never genocided any monsters.
 You never polymorphed an object.
 You never changed form.
 You used no wishes.
Achievements:
 You attained the rank of Skirmisher.
 You entered the Gnomish Mines.

 The Dungeons of Doom: levels 1 to 3
    Level 1:
       A fountain, a grave.
    Level 2:
       A sink.
       Stairs down to The Gnomish Mines.
    Level 3: <- You were here.
       A fountain.
 The Gnomish Mines:
    Level 3:


Vanquished creatures:
  a little dog
  a kitten
  a large kobold
  a red mold
  a gnome zombie
  3 jackals
  a fox
  4 goblins
  a grid bug
  a bat
  2 lichens
  3 kobold zombies
  4 newts
24 creatures vanquished.

No species were genocided or became extinct.

Farvel Haxasaurus the Valkyrie...

You quit in The Dungeons of Doom on dungeon level 3 with 501 points,
and 151 pieces of gold, after 1240 moves.
You were level 3 with a maximum of 32 hit points when you quit.

